 Dungeon Crawl Stone Soup version 0.23-b1-67-g8bd44de (webtiles) character file.

Game seed: 12958784215513650112

699 teukkam the Covered (level 7, 0/62 HPs)
             Began as a Minotaur Fighter on Feb 5, 2019.
             Slain by Pikel
             ... wielding a +0 whip of flaming
              (7 damage)
             ... on level 4 of the Dungeon.
             The game lasted 00:08:41 (2272 turns).

teukkam the Covered (Minotaur Fighter)              Turns: 2272, Time: 00:08:42

Health: 0/62       AC:  6    Str: 23    XL:     7   Next: 38%
Magic:  6/6        EV:  9    Int:  5    God:
Gold:   94         SH: 10    Dex:  9    Spells: 6/6 levels left

rFire    . . .     SeeInvis .   a - +0 hand axe (chop)
rCold    . . .     Gourm    .   c - +0 shield
rNeg     . . .     Faith    .   v - +1 leather armour {rPois}
rPois    +         Spirit   .   (helmet restricted)
rElec    .         Reflect  .   (no cloak)
rCorr    +         Harm     +   p - +0 pair of gloves
MR       .....                  (no boots)
Stlth    +.........             w - amulet of harm
HPRegen  0.20/turn              (no ring)
MPRegen  0.10/turn              j - ring of resist corrosion

@: no status effects
A: retaliatory headbutt, horns 2, mutation resistance 1, poison resistance
a: no special abilities


You were on level 4 of the Dungeon.
You were not hungry.

You visited 1 branch of the dungeon, and saw 4 of its levels.

You collected 94 gold pieces.

Inventory:

Hand Weapons
 a - a +0 hand axe of chopping (weapon)
 b - a +0 hunting sling
 l - a +1 dire flail of crushing
 r - a +0 war axe
Missiles
 e - 14 tomahawks (quivered)
 m - 48 bolts
 n - 98 stones
 o - 43 arrows
 q - 8 javelins
Armour
 c - a +0 shield (worn)
 p - a +0 pair of gloves (worn)
 v - a +1 leather armour of poison resistance (worn)
 y - a +0 scale mail
Jewellery
 j - a ring of resist corrosion (right hand)
 w - an amulet of harm (around neck)
Scrolls
 g - a scroll of amnesia {unknown}
 i - a scroll of identify
 s - a scroll of teleportation
 t - a scroll of enchant weapon {unknown}
 u - a scroll of magic mapping {unknown}
 z - 2 scrolls of fear
Potions
 d - a potion of degeneration {unknown}
 h - a potion of ambrosia
 k - a potion of heal wounds
Comestibles
 f - 5 rations


   Skills:
 + Level 5.8 Fighting
 + Level 5.1 Axes
 + Level 2.2 Slings
 + Level 5.9 Armour
 + Level 5.9 Shields


You had 6 spell levels left.
You didn't know any spells.
Your spell library was empty.

Dungeon Overview and Level Annotations

Branches:
Dungeon (4/15)
 Temple: D:4-7

Altars:
Nemelex Xobeh

Annotations:
D:4 Pikel


Innate Abilities, Weirdness & Mutations

You reflexively headbutt those who attack you in melee.
You have a pair of horns on your head.
You are somewhat resistant to further mutation.
Your system is resistant to poisons. (rPois)


Message History

Pikel burns you. The slave closely misses you. You block the slave's attack.
You hit Pikel.
Pikel is moderately wounded.
You closely miss the slave. x2; You block Pikel's attack.
The slave hits you. The slave closely misses you.
You hit Pikel. You headbutt Pikel!
Pikel is severely wounded.
You completely miss the slave. You hit the slave.
Pikel hits you with a +0 whip of flaming!
* * * LOW HITPOINT WARNING * * *
Pikel burns you.
* * * LOW HITPOINT WARNING * * *
The slave hits you.
* * * LOW HITPOINT WARNING * * *
The slave hits you but does no damage.
You hit Pikel but do no damage.
Pikel is severely wounded.
You hit the slave but do no damage. x2
Pikel hits you with a +0 whip of flaming.
You die...

#...# .... #.##.....# #...# #.
.## ## #...<.# #.#.# #. ^.
.###..##..#
.#.#.####.###.#####...... .....
........#..##...........# #.....
##.##.#.##......##.###..# .....
#.##.#..#)###..##.###..####...Z.
..........†)[...†.......... ....
###...#.##†.....@K.(..(..# ....
...###.........pp.......# ###
#####......####......#
.....###.# ....### #.###.# #...
...... . #.# ###.# ....... #..
.. ....... ......$..


You could see Pikel and 2 slaves.

Vanquished Creatures
  Grinder (D:3)
  Edmund (D:4)
  2 slaves (D:4)
  An ogre (D:4)
  An orc priest (D:4)
  An orc wizard (D:3)
  Natasha (twice) (D:4)
  2 worker ants (D:4)
  5 adders
  An ooze (D:1)
  3 worms
  An adder skeleton (D:4)
  3 dart slugs
  2 leopard geckos
  8 orcs
  A ball python (D:1)
  5 giant cockroaches
  2 hobgoblins
  6 jackals
  A quokka (D:4)
  6 bats
  2 frilled lizards (D:1)
  9 goblins
  9 kobolds
  7 rats
82 creatures vanquished.

Notes
Turn   | Place    | Note
-------+----------+-------------------------------------------
     0 | D:1      | teukkam the Minotaur Fighter began the quest for the Orb.
     0 | D:1      | Reached XP level 1. HP: 19/19 MP: 0/0
   119 | D:1      | Reached XP level 2. HP: 27/27 MP: 1/1
   665 | D:1      | Reached XP level 3. HP: 33/33 MP: 2/2
  1264 | D:2      | Reached XP level 4. HP: 40/40 MP: 3/3
  1349 | D:3      | Found a sparkling altar of Nemelex Xobeh.
  1394 | D:3      | Noticed Grinder
  1400 | D:3      | Paralysed by Grinder for 4 turns
  1419 | D:3      | Killed Grinder
  1419 | D:3      | Reached skill level 5 in Fighting
  1419 | D:3      | Reached skill level 5 in Armour
  1419 | D:3      | Reached skill level 5 in Shields
  1419 | D:3      | Reached XP level 5. HP: 12/48 MP: 4/4
  1419 | D:3      | Reached XP level 6. HP: 14/56 MP: 5/5
  1706 | D:4      | Noticed Pikel
  1706 | D:4      | Noticed a slave
  1707 | D:4      | Noticed a slave
  1850 | D:4      | Noticed Natasha
  1855 | D:4      | Killed Natasha
  1858 | D:4      | Reached skill level 1 in Slings
  2053 | D:4      | Noticed Edmund
  2056 | D:4      | Gained mutation: Your system is resistant to poisons.
                  | (rPois) [potion of mutation]
  2056 | D:4      | Gained mutation: You are somewhat resistant to further
                  | mutation. [potion of mutation]
  2070 | D:4      | Killed Edmund
  2070 | D:4      | Reached XP level 7. HP: 38/61 MP: 6/6
  2204 | D:4      | Reached skill level 5 in Axes
  2253 | D:4      | Noticed Natasha
  2261 | D:4      | Killed Natasha
  2272 | D:4      | Slain by Pikel

Skill      XL: |  1  2  3  4  5  6  7 |
---------------+----------------------+-----
Armour         | 4 5 |  5.9
Shields        | 4 5 |  5.9
Fighting       | 4 5 |  5.8
Axes           | 3 4 5 |  5.1
Slings         | 1 2 |  2.2

Action                   |  1- 3 |  4- 6 |  7- 9 || total
-------------------------+-------+-------+-------++-------
Melee: War axe           |    81 |       |       ||    81
       Headbutt          |    15 |    13 |     9 ||    37
       Hand axe          |    26 |    75 |    38 ||   139
 Fire: Hunting sling     |       |     2 |     4 ||     6
Throw: Tomahawk          |       |     4 |       ||     4
  Use: Scroll            |     2 |     2 |       ||     4
       Potion            |       |     3 |       ||     3
 Stab: Invisible         |       |     2 |       ||     2
  Eat: Chunk             |     1 |     1 |       ||     2
       Ration            |       |     1 |       ||     1
Armor: Scale mail        |    67 |    35 |       ||   102
       Leather armour    |       |       |    10 ||    10
Dodge: Dodged            |    32 |    29 |    17 ||    78
Block: Shield            |    53 |    36 |     9 ||    98
